 Dungeon Crawl Stone Soup version 0.29.1-2-gbd0b4ee654 (webtiles) character file.

Game seed: 12567918661203259079

154 hawla the Chiller (level 5, -7/39 HPs)
             Began as a Meteoran Ice Elementalist on Nov 30, 2022.
             Mangled by a gnoll
             ... wielding a +0 flail
              (12 damage)
             ... on level 4 of the Dungeon.
             The game lasted 00:07:39 (1074 turns).

hawla the Chiller (Meteoran Ice Elementalist)       Turns: 1074, Time: 00:07:40

Health: -7/39      AC:  2    Str:  9    XL:     5   Next: 94%
Magic:  8/11       EV: 13    Int: 18    God:
Gold:   83         SH:  0    Dex: 15    Spells: 3/11 levels left

rFire   . . .      SeeInvis .   e - staff of death
rCold   . . .      Faith    .   (no shield)
rNeg    + . .      Spirit   .   a - +0 robe
rPois   .          Reflect  .   (no helmet)
rElec   .          Harm     .   (no cloak)
rCorr   .          Rampage  .   (no gloves)
Will    .....                   (no boots)
Stlth   +.........              d - amulet of magic regeneration
HPRegen 0.13/turn               (no ring)
MPRegen 0.52/turn               (no ring)

@: freezing walls, glowing
A: sense surroundings 1, otherworldly, glowing, explore regen
a: no special abilities


You were on level 4 of the Dungeon.
You visited 1 branch of the dungeon, and saw 4 of its levels.

You collected 83 gold pieces.

Inventory:

Armour
 a - a +0 robe (worn)
Magical Staves
 e - a staff of death (weapon)
Jewellery
 d - an amulet of magic regeneration (around neck)
Scrolls
 h - a scroll of enchant armour {unknown}
Potions
 b - a potion of magic
 c - a potion of might
 f - a potion of brilliance


   Skills:
 - Level 0.9 Fighting
 - Level 0.1 Staves
 - Level 2.7 Dodging
 - Level 1.4 Stealth
 - Level 3.8 Spellcasting
 - Level 2.0 Necromancy
 + Level 5.5 Ice Magic
 - Level 2.0 Evocations


You had 3 spell levels left.
You knew the following spells:

 Your Spells              Type           Power      Damage    Failure   Level
a - Freeze                Ice            92%        1d10      1%          1
b - Frozen Ramparts       Ice            46%        1d7       4%          3
c - Hailstorm             Conj/Ice       13%        3d5       43%         4

Your spell library contained the following spells:

 Spells                   Type           Power      Damage    Failure   Level
 Ozocubu's Armour         Ice            23%        N/A       4%          3


Dungeon Overview and Level Annotations

Branches:
Dungeon (4/15) Zot: 1322
 Temple: D:4-7

Altars:
Ru


Innate Abilities, Weirdness & Mutations

You passively map a small area around you.
You are easily found by Zot.
You glow in the dark.
You regain HP and MP as you explore.


Message History

The orc hits you with a +2 dagger of draining.
You partially resist.
You feel drained. The water moccasin bites you.
There is a stone staircase leading up, spattered with blood here.
Unknown command.
Casting: Freeze (safe; 1% risk of failure)
Confirm with . or Enter, or press ? or * to list all spells.
Casting: Frozen Ramparts (dangerous; 4% risk of failure)
Press: ? - help, Dir - look around, f - activate A stone staircase leading up, spattered with blood.
The walls around you are covered in ice.
The wall freezes the orc!
The orc hits you with a +0 hand axe of freezing.
* * * LOW HITPOINT WARNING * * *
The orc freezes you.
* * * LOW HITPOINT WARNING * * *
The wall freezes the gnoll.
The wall freezes the orc!
You kill the orc!
The wall freezes the orc!
You kill the orc!
The water moccasin misses you.
Your life force feels restored.
It was a potion of curing.
You feel better. The water moccasin bites you.
* * * LOW HITPOINT WARNING * * *
The wall freezes the orc.
You kill the orc!
The wall freezes the gnoll.
Unknown command.
Casting: Frozen Ramparts (dangerous; 4% risk of failure)
Confirm with . or Enter, or press ? or * to list all spells.
Aiming: Freeze (safe; 1% risk of failure)
Press: ? - help, Shift-Dir - straight line, f - water moccasin
Aim: a water moccasin You freeze the water moccasin.
The water moccasin is lightly wounded.
The water moccasin seems to slow down.
The gnoll shouts!
You hear a shout! x2
The water moccasin bites you.
* * * LOW HITPOINT WARNING * * *
The wall freezes the gnoll.
The gnoll hits you with a +0 flail!
You die...

......######...###....#.#.. ,
..##...#..#....##.......... *
...#......###...#..........
.......#....#..............
.....###.#..#..............,*
.........#..†..............
........................... ,
.........#...#.Sggo....g#g. ,
.........#...#.)@##...### .
.........##..#..###.### *
...(..[...##...## .. ........
#..)#*,*... .#....#. .....,
.. * * , ##....# ...S.) , ,
....... ..... * #...##.......
* , ##.#...., , ,


You could see a water moccasin (slow), 3 gnolls, an orc and a ball python.

Vanquished Creatures
  A necrophage (D:3)
  An orc wizard (D:3)
  An adder (D:3)
  2 worms
  3 dart slugs
  8 orcs
  An endoplasm (D:1)
  A giant cockroach (D:2)
  3 goblins
  7 hobgoblins
  2 quokkas
  2 ball pythons (D:1)
  A bat (D:1)
  2 frilled lizards
  2 kobolds
  2 rats
39 creatures vanquished.

Notes
Turn   | Place    | Note
-------+----------+-------------------------------------------
     0 | D:1      | hawla the Meteoran Ice Elementalist began the quest for the
                  | Orb.
     0 | D:1      | Reached XP level 1. HP: 14/14 MP: 5/5
    31 | D:1      | Reached XP level 2. HP: 18/20 MP: 1/6
   282 | D:3      | Reached skill level 5 in Ice Magic
   282 | D:3      | Reached XP level 3. HP: 16/26 MP: 6/8
   283 | D:3      | Noticed a necrophage
   294 | D:2      | Learned a level 3 spell: Frozen Ramparts
   703 | D:3      | Reached skill level 1 in Necromancy
   703 | D:3      | Reached skill level 1 in Evocations
   703 | D:3      | Reached XP level 4. HP: 29/33 MP: 4/9
   838 | D:3      | Killed a necrophage
   839 | D:3      | Reached XP level 5. HP: 9/39 MP: 7/11
   859 | D:3      | Found a sacrificial altar of Ru.
  1059 | D:4      | Noticed a water moccasin
  1070 | D:3      | Learned a level 4 spell: Hailstorm
  1074 | D:4      | Mangled by a gnoll

Illustrated notes

Levels and vault maps discovered:
D:1:      lightli_arrival_statue_moat, layout_basic
D:2:      layout_loops_corners, hangedman_decor_riveting, minmay_tiny_reverse_x
D:3:      layout_loops_cross, nicolae_ru_path_of_blood, guppyfry_early_orc_mine
D:4:      layout_cave_pools, serial_shops, nicolae_inconvenience_store,
          uniq_duvessa

Skill      XL: |  1  2  3  4 |
---------------+-------------+-----
Spellcasting   | 3 |  3.8
Ice Magic      | 5 |  5.5
Necromancy     | 1 2 |  2.0
Evocations     | 1 2 |  2.0
Fighting       | |  0.9
Staves         | |  0.1
Dodging        | |  2.7
Stealth        | |  1.4

Action                   |  1- 3 |  4- 6 || total
-------------------------+-------+-------++-------
Melee: Unarmed           |     2 |       ||     2
       Staff             |     3 |    11 ||    14
 Cast: Freeze            |    38 |    13 ||    51
       Frozen Ramparts   |     3 |     7 ||    10
  Use: Scroll            |     3 |     3 ||     6
       Potion            |       |     1 ||     1
Armor: Robe              |     6 |     3 ||     9
Dodge: Dodged            |    19 |    11 ||    30
